 Dungeon Crawl Stone Soup version 0.32-a0-732-ga344392067 (webtiles) character file.

Game seed: 16946224419324430513

26 ezpacito the Trooper (level 3, -4/29 HPs)
             Began as a Coglin Chaos Knight on Mar 16, 2024.
             Was a Plaything of Xom.
             Slain by a gnoll
             ... wielding a +0 spear
              (5 damage)
             ... on level 2 of the Dungeon.
             The game lasted 00:00:57 (653 turns).

ezpacito the Trooper (Coglin Chaos Knight)           Turns: 653, Time: 00:00:57

Health: -4/29      AC:  5    Str: 14    XL:     3   Next: 8%
Magic:  3/3        EV: 10    Int: 11    God:    Xom [..*...]
Gold:   65         SH:  0    Dex: 13    Spells: 2/2 levels left

rFire   . . .        a - +0 hand axe (chaos) {Æðelind}
rCold   . . .        d - +0 dagger {Manelesi}
rNeg    . . .        b - +2 leather armour
rPois   .            (no helmet)
rElec   .            (no cloak)
rCorr   .            (no gloves)
SInv    .            (no boots)
Will    .....        (amulet unavailable)
Stlth   +            (ring unavailable)
HPRegen 0.24/turn    (ring unavailable)
MPRegen 0.08/turn    (no gizmo)

%: no passive effects
@: mighty, revving
A: off-hand wielding, slow wielding, warmup strikes, no jewellery
a: Invent Gizmo, Renounce Religion


You were on level 2 of the Dungeon.
You worshipped Xom.
You were a toy of Xom.
You visited 1 branch of the dungeon, and saw 2 of its levels.

You collected 65 gold pieces.

Inventory:

Hand Weapons
 a - a +0 hand axe of chaos (weapon) {Æðelind}
 d - a +0 dagger (offhand) {Manelesi}
Missiles
 h - 6 boomerangs (quivered)
Armour
 b - a +2 leather armour (worn)
Talismans
 e - a flux talisman
Scrolls
 g - 2 scrolls of teleportation {unknown}


   Skills:
 * Level 3.2 Fighting
 * Level 3.1(3.2) Axes
 + Level 0.5(1.8) Polearms
 * Level 2.1 Armour
 * Level 1.3 Dodging
 + Level 0.4 Stealth
 + Level 0.3 Spellcasting


You had 2 spell levels left.
You didn't know any spells.
Your spell library contained the following spells:

 Spells                   Type           Power      Damage    Failure   Level
 Magic Dart               Conj           0%         1d3       41%         1
 Blink                    Tloc           0%         N/A       54%         2
 Call Imp                 Summ           0%         N/A       54%         2


Dungeon Overview and Level Annotations

Branches:
Dungeon (2/15)

Altars:


Innate Abilities, Weirdness & Mutations

You can wield a second weapon in your off-hand.
It takes a long time for you to wield or remove held weapons.
Your first few attacks do less damage.
You cannot equip rings or amulets.


Message History

You hit the gnoll but do no damage. You hit the gnoll with your +0 dagger.
The gnoll hits you but does no damage.
You hit the gnoll with your +0 dagger.
The gnoll is moderately wounded.
You hit the gnoll with your +0 hand axe of chaos.
The gnoll seems to slow down.
The gnoll hits you with a +0 whip!
You take 7 damage, and have 17/24 hp.
MASSIVE DAMAGE!!
You closely miss the gnoll with your +0 dagger.
The gnoll is severely wounded.
You hit the gnoll but do no damage.
You closely miss the gnoll with your +0 hand axe of chaos.
The gnoll is severely wounded.
You hit the gnoll but do no damage. You hit the gnoll with your +0 dagger.
The gnoll is almost dead.
You hit the gnoll with your +0 hand axe of chaos.
You kill the gnoll!
You have reached level 3!
Your experience leads to an increase in your attributes!
Increase (s)trength, (i)ntelligence, or (d)exterity?
You feel stronger. x2
Your brain swirls with designs for a superautomatic encabulator.
You just need some more time...
You regained 4 hp, and now have 22/29 hp.
MP restored: 3 The gnoll hits you with a +0 spear.
The gnoll hits you from afar with a +0 spear!
You take 12 damage, and have 10/29 hp.
MASSIVE DAMAGE!!
You barely miss the gnoll with your +0 dagger.
You hit the gnoll with your +0 hand axe of chaos.
You freeze the gnoll. The gnoll hits you with a +0 spear!
* * * LOW HITPOINT WARNING * * *
The gnoll hits you from afar with a +0 spear.
* * * LOW HITPOINT WARNING * * *
You take 9 damage, and have 1/29 hp.
MASSIVE DAMAGE!!
Okay, then.
It was a potion of might.
You feel very mighty all of a sudden.
Xom thinks this is hilarious!
The gnoll hits you with a +0 spear.
You die...

.###.############.#
...#.# #.# .#.#.#
#.# .#.#.. #####.#
.#.### ####...###
##.# #≈≈≈~~~≈≈#
>..# #...### ####
##.)#.# ##.@)#
###g# ### #g# ..#
##### #.#
#.####...########.#
#...........<†....#
######...##########
#####


You could see 2 gnolls.

Vanquished Creatures
  A gnoll (D:2)
  A ball python (D:2)
  4 endoplasms (D:1)
  2 giant cockroaches (D:1)
  4 kobolds
  A quokka (D:1)
  A rat (D:1)
14 creatures vanquished.

Notes
Turn   | Place    | Note
-------+----------+-------------------------------------------
     0 | D:1      | ezpacito the Coglin Chaos Knight began the quest for the
                  | Orb.
     0 | D:1      | Reached XP level 1. HP: 18/18 MP: 1/1
    47 | D:1      | Reached skill level 1 in Dodging
    62 | D:1      | Reached XP level 2. HP: 23/24 MP: 2/2
   577 | D:2      | XOM: silly message
   651 | D:2      | Reached XP level 3. HP: 22/29 MP: 3/3
   652 | D:2      | HP: 1/29 [gnoll/+0 spear (2)]
   653 | D:2      | Slain by a gnoll

Illustrated notes

Levels and vault maps discovered:
D:1:      minmay_arrival_plants_in_alcoves, layout_rooms, due_unseen_surprise
D:2:      layout_loops_cross, serial_rivers, chequers_serial_rivers_micro_a,
          chequers_serial_rivers_room_a, chequers_serial_rivers_small_b,
          chequers_serial_rivers_room_b, chequers_serial_rivers_micro_b

Skill      XL: |  1  2 |
---------------+-------+-----
Dodging        | 1 |  1.3
Armour         | 2 |  2.1
Fighting       | |  3.2
Axes           | |  3.1
Polearms       | |  0.5
Stealth        | |  0.4
Spellcasting   | |  0.3

Action                     || total
---------------------------++-------
  Melee: Hand axe          ||    29
         Dagger            ||    23
    Use: Scroll            ||     1
         Potion            ||     1
   Stab: Sleeping          ||     1
 Armour: Leather armour    ||    19
  Dodge: Dodged            ||    10

Table legend: (Time is in decaauts)
 A = Elapsed time spent in this place.
 B = Non-inter-level travel time spent in this place.
 C = Inter-level travel time spent in this place.
 D = Time resting spent in this place.
 E = Time spent auto-exploring this place.
 F = Levels seen in this place.
 G = Mean time per level.
                   A        B        C        D        E       F      G
               +--------+--------+--------+--------+--------+-----+--------+
         Total |    654 |    611 |     43 |      0 |    471 |   2 |  327.0 |
       Dungeon |    654 |    611 |     43 |      0 |    471 |   2 |  327.0 |
               +--------+--------+--------+--------+--------+-----+--------+

Top non-repeatable levels by time:
     D:1: 490 daAuts
     D:2: 164 daAuts
